 Dungeon Crawl Stone Soup version 0.27-a0-1219-g958d993ae5 (webtiles) character file.

Game seed: 1673172653476139292

30 pokeman the Magician (level 3, -2/20 HPs)
             Began as a Deep Elf Hedge Wizard on June 6, 2021.
             Slain by a hound (4 damage)
             ... on level 2 of the Dungeon.
             The game lasted 00:02:26 (2021 turns).

pokeman the Magician (Deep Elf Hedge Wizard)        Turns: 2021, Time: 00:02:26

Health: -2/20      AC:  2    Str:  7    XL:     3   Next: 5%
Magic:  1/11       EV: 12    Int: 19    God:
Gold:   101        SH:  0    Dex: 14    Spells: 1/12 levels left

rFire    . . .     SeeInvis .   a - +0 dagger
rCold    . . .     Faith    .   (no shield)
rNeg     . . .     Spirit   .   b - +0 robe
rPois    .         Reflect  .   c - +0 hat
rElec    .         Harm     .   (no cloak)
rCorr    .         Rampage  .   (no gloves)
Will     .....                  (no boots)
Stlth    ++........             (no amulet)
HPRegen  0.06/turn              (no ring)
MPRegen  0.12/turn              (no ring)

@: no status effects
A: no striking features
a: no special abilities


You were on level 2 of the Dungeon.
You visited 1 branch of the dungeon, and saw 2 of its levels.

You collected 101 gold pieces.

Inventory:

Hand Weapons
 a - a +0 dagger (weapon)
Missiles
 d - 21 arrows
 j - 11 bolts
Armour
 b - a +0 robe (worn)
 c - a +0 hat (worn)
Jewellery
 k - a ring of willpower
Scrolls
 e - a scroll of vulnerability {unknown}
 f - a scroll of identify {unknown}
 g - a scroll of silence {unknown}
 h - a scroll of summoning {unknown}
 i - 2 scrolls of fog {unknown}


   Skills:
 + Level 0.7 Fighting
 + Level 0.7 Armour
 - Level 2.4 Dodging
 - Level 2.4 Stealth
 * Level 5.1 Spellcasting
 + Level 1.7 Conjurations
 - Level 1.1 Summonings
 - Level 1.1 Translocations


You had one spell level left.
You knew the following spells:

 Your Spells              Type           Power      Damage    Failure   Level
a - Magic Dart            Conj           44%        1d5       6%          1
b - Mephitic Cloud        Conj/Pois/Air  7%         N/A       28%         3
c - Call Imp              Summ           9%         N/A       12%         2
d - Blink                 Tloc           N/A        N/A       12%         2
e - Conjure Flame         Conj/Fire      8%         6-21      26%         3

Your spell library contained the following spells:

 Spells                   Type           Power      Damage    Failure   Level
 Slow                     Hex            4%         N/A       19%         2


Dungeon Overview and Level Annotations

Branches:
Dungeon (2/15)

Altars:


Message History

Aiming: Mephitic Cloud (potentially lethal; 28% risk of failure)
Press: ? - help, Shift-Dir - straight line, f/p - hound
Aim: a hound (moderately wounded, chance to affect: 86%)
The ball explodes into a vile cloud!
The stinking cloud engulfs the hound but does no damage.
The hound is moderately wounded.
You hear an angry hiss.
The hound is engulfed in noxious fumes.
The hound appears confused.
Unknown command.
Unknown command.
The hound is engulfed in noxious fumes.
The hound appears confused.
Really walk into that cloud of noxious fumes?
Okay, then.
Unknown command.
You hit the hound but do no damage.
The hound is heavily wounded.
The hound is engulfed in noxious fumes.
The hound appears confused.
The hound barely misses you.
The hound is engulfed in noxious fumes.
The hound appears confused.
The hound bites you.
* * * LOW HITPOINT WARNING * * *
Unknown command.
You hit the hound.
The hound is severely wounded.
Casting: Mephitic Cloud (potentially lethal; 28% risk of failure)
Confirm with . or Enter, or press ? or * to list all spells.
Aiming: Magic Dart (safe; 6% risk of failure)
Press: ? - help, Shift-Dir - straight line, f/p - hound
Aim: a hound (severely wounded, confused, 100% to hit)
The magic dart hits the hound.
The hound is severely wounded.
Unknown command.
You hit the hound.
The hound is almost dead.
You hit the hound.
The hound is almost dead.
The hound closely misses you.
You barely miss the hound.
The hound is almost dead.
The hound bites you.
You die...

....... .. ........ ##.#
#....... ..# #..#..#.
##.### #..#..#. ....#
#....... #.#.# ####.......
#.##.#####.#.###.#......#.
.........@h.............#.
#.##.#####.#.###.#....#.#.
#.#..##......#.#.
.#..##.#...##.#.
................
................
.....#..##.##.#.
..#..#.....##... #.. ..#
.## ###.


You could see a hound (confused).

Vanquished Creatures
  An adder (D:2)
  4 endoplasms (D:1)
  2 goblins (D:2)
  4 hobgoblins
  2 jackals (D:1)
  A quokka (D:1)
  A ball python (D:2)
  A bat (D:1)
  A kobold (D:1)
  2 rats
19 creatures vanquished.

Notes
Turn   | Place    | Note
-------+----------+-------------------------------------------
     0 | D:1      | pokeman the Deep Elf Hedge Wizard began the quest for the
                  | Orb.
     0 | D:1      | Reached XP level 1. HP: 10/10 MP: 7/7
   462 | D:1      | Found a faded altar of an unknown god.
   669 | D:1      | Reached XP level 2. HP: 15/15 MP: 5/9
  1822 | D:2      | Reached skill level 5 in Spellcasting
  1844 | D:2      | Reached XP level 3. HP: 20/20 MP: 3/11
  1848 | D:2      | Learned a level 3 spell: Mephitic Cloud
  1851 | D:2      | Learned a level 2 spell: Call Imp
  1854 | D:2      | Learned a level 2 spell: Blink
  1858 | D:2      | Learned a level 3 spell: Conjure Flame
  2021 | D:2      | Slain by a hound

Illustrated notes

Levels and vault maps discovered:
D:1:      matt_arrival_spirals, layout_basic,
          hellmonk_ecumenical_altar_pennies_from_heaven
D:2:      layout_basic, minmay_strange_pillars, uniq_jessica, uniq_natasha

Skill      XL: |  1  2 |
---------------+-------+-----
Spellcasting   | 5 |  5.1
Fighting       | |  0.7
Armour         | |  0.7
Dodging        | |  2.4
Stealth        | |  2.4
Conjurations   | |  1.7
Summonings     | |  1.1
Translocations | |  1.1

Action                   || total
-------------------------++-------
Melee: Dagger            ||     5
 Cast: Magic Dart        ||    61
       Mephitic Cloud    ||     1
       Blink             ||     1
Armor: Robe              ||     5
Dodge: Dodged            ||    12

Table legend: (Time is in decaauts)
 A = Elapsed time spent in this place.
 B = Non-inter-level travel time spent in this place.
 C = Inter-level travel time spent in this place.
 D = Time resting spent in this place.
 E = Time spent auto-exploring this place.
 F = Levels seen in this place.
 G = Mean time per level.
                   A        B        C        D        E       F      G
               +--------+--------+--------+--------+--------+-----+--------+
         Total |   2021 |   1936 |     85 |     41 |   1757 |   2 | 1010.5 |
       Dungeon |   2021 |   1936 |     85 |     41 |   1757 |   2 | 1010.5 |
               +--------+--------+--------+--------+--------+-----+--------+

Top non-repeatable levels by time:
     D:1: 1692 daAuts
     D:2: 329 daAuts
